TOP OF THE 1ST |
New Jersey Devils batting - Pitching for Canton Indians : LHP Sterling Peyton
|
Pitching: LHP Sterling Peyton
|
|
Batting: RHB Eric Zylstra
|
0-0: Ball 1-0: Ball 2-0: Ball 3-0: Called Strike 3-1: Called Strike 3-2: Base on Balls
|
Batting: RHB Jacob Olander
|
0-0: Called Strike 0-1: Called Strike Eric Zylstra is caught stealing 2nd base 2-4 0-2: Foul Ball, location: 2F 0-2: Ball 1-2: Ball 2-2: Ball 3-2: Base on Balls
|
Batting: RHB Warren Carmichael
|
0-0: Fly out, F8 (Flyball, 8RD, EV 108.1 MPH)
|
Batting: LHB Randolph Brodbeck
|
0-0: Ground out 4-3 (Groundball, 4, EV 85.6 MPH)
|
Top of the 1st over - 0 runs, 0 hits, 0 errors, 1 left on base; New Jersey 0 - Canton 0 |
BOTTOM OF THE 1ST |
Canton Indians batting - Pitching for New Jersey Devils : RHP Chris Hannah
|
Pitching: RHP Chris Hannah
|
|
Batting: RHB Cruz Castro
|
0-0: Called Strike 0-1: Swinging Strike 0-2: Strikes out swinging
|
Batting: SHB Bob Ledlow
|
0-0: Ball 1-0: Called Strike 1-1: Called Strike 1-2: Ball 2-2: Ball 3-2: Strikes out swinging
|
Batting: RHB Rob Marti
|
0-0: Called Strike 0-1: Ball 1-1: Swinging Strike 1-2: Fly out, F7 (Line Drive, 7LM, EV 86.2 MPH)
|
Bottom of the 1st over - 0 runs, 0 hits, 0 errors, 0 left on base; New Jersey 0 - Canton 0 |
TOP OF THE 2ND |
New Jersey Devils batting - Pitching for Canton Indians : LHP Sterling Peyton
|
Batting: RHB Kyle Verkamp
|
0-0: Called Strike 0-1: Ball 1-1: Fly out, F7 (Flyball, 7, EV 85.0 MPH)
|
Batting: LHB Rick Vallis
|
0-0: Foul Ball, location: 2F 0-1: Ball 1-1: Called Strike 1-2: Foul Ball, location: 2F 1-2: Strikes out looking
|
Batting: RHB Craig Alvarado
|
0-0: Foul Ball, location: 2F 0-1: Ball 1-1: Ball 2-1: Foul Ball, location: 2F 2-2: Strikes out looking
|
Top of the 2nd over - 0 runs, 0 hits, 0 errors, 0 left on base; New Jersey 0 - Canton 0 |
BOTTOM OF THE 2ND |
Canton Indians batting - Pitching for New Jersey Devils : RHP Chris Hannah
|
Batting: RHB Willie Toral
|
0-0: Foul Ball, location: 2F 0-1: Ball 1-1: Ball 2-1: Foul Ball, location: 2F 2-2: Strikes out swinging
|
Batting: LHB Jason Kessler
|
0-0: Called Strike 0-1: Ball 1-1: Called Strike 1-2: DOUBLE (Line Drive, 78XD, EV 105.0 MPH)
|
Batting: RHB Jonathan Johnstad
|
0-0: Ball 1-0: Ground out 6-3 (Groundball, 6, EV 91.9 MPH)
|
Batting: SHB Ryan Donohoe
|
0-0: Ground out 6-3 (Groundball, 6, EV 83.1 MPH)
|
Bottom of the 2nd over - 0 runs, 1 hit, 0 errors, 1 left on base; New Jersey 0 - Canton 0 |
TOP OF THE 3RD |
New Jersey Devils batting - Pitching for Canton Indians : LHP Sterling Peyton
|
Batting: RHB Sergio Andrada
|
0-0: Ball 1-0: DOUBLE (Flyball, 8RXD, EV 99.4 MPH)
|
Batting: RHB Oscar Ramirez
|
0-0: Ball 1-0: Called Strike 1-1: Swinging Strike 1-2: Ground out 5-3 (Groundball, 5S, EV 82.5 MPH)
|
Batting: RHB Eric Zylstra
|
0-0: Called Strike 0-1: Ball 1-1: Fly out, F7 (Line Drive, 7, EV 86.9 MPH)
|
Batting: RHB Jacob Olander
|
0-0: Called Strike 0-1: Ball 1-1: Ground out 6-3 (Groundball, 6, EV 83.1 MPH)
|
Top of the 3rd over - 0 runs, 1 hit, 0 errors, 1 left on base; New Jersey 0 - Canton 0 |
BOTTOM OF THE 3RD |
Canton Indians batting - Pitching for New Jersey Devils : RHP Chris Hannah
|
Batting: RHB Ryan Paquette
|
0-0: Ground out 6-3 (Groundball, 56, EV 109.4 MPH)
|
Batting: SHB Jose Abreu
|
0-0: Called Strike 0-1: Swinging Strike 0-2: Ball 1-2: Ball 2-2: Foul Ball, location: 2F 2-2: Ball 3-2: Foul Ball, location: 2F 3-2: Strikes out swinging
|
Batting: RHB Cruz Castro
|
0-0: Ball 1-0: Called Strike 1-1: Foul Ball, location: 2F 1-2: Ball 2-2: Strikes out swinging
|
Bottom of the 3rd over - 0 runs, 0 hits, 0 errors, 0 left on base; New Jersey 0 - Canton 0 |
TOP OF THE 4TH |
New Jersey Devils batting - Pitching for Canton Indians : LHP Sterling Peyton
|
Batting: RHB Warren Carmichael
|
0-0: Ball 1-0: Foul Ball, location: 2F 1-1: Fly out, F9 (Flyball, 9D, EV 102.5 MPH)
|
Batting: LHB Randolph Brodbeck
|
0-0: Ball 1-0: Foul Ball, location: 2F 1-1: Ball 2-1: Ball 3-1: Foul Ball, location: 2F 3-2: Base on Balls
|
Batting: RHB Kyle Verkamp
|
0-0: Called Strike 0-1: Ball 1-1: Ball 2-1: Foul Ball, location: 2F 2-2: SINGLE (Line Drive, 6M, EV 96.9 MPH) Randolph Brodbeck to second
|
Batting: LHB Rick Vallis
|
0-0: Ball 1-0: Swinging Strike 1-1: Called Strike 1-2: Ball 2-2: SINGLE (Flyball, 6D, EV 95.0 MPH) Randolph Brodbeck to third Kyle Verkamp to second
|
Batting: RHB Craig Alvarado
|
0-0: Called Strike 0-1: Fly out, F8 (Flyball, 8RM, EV 81.2 MPH) Runner from 3rd tags up, OUT at HOME! 8-2
|
Top of the 4th over - 0 runs, 2 hits, 0 errors, 2 left on base; New Jersey 0 - Canton 0 |
BOTTOM OF THE 4TH |
Canton Indians batting - Pitching for New Jersey Devils : RHP Chris Hannah
|
Batting: SHB Bob Ledlow
|
0-0: Called Strike 0-1: Ball 1-1: Ball 2-1: Ball 3-1: Called Strike 3-2: TRIPLE (Flyball, 78XD, EV 88.8 MPH)
|
Batting: RHB Rob Marti
|
0-0: Ball 1-0: Fly out, F3 (Popup, 3F, EV 61.9 MPH)
|
Batting: RHB Willie Toral
|
0-0: Fly out, F8 (Flyball, 8LM, EV 81.2 MPH) Runner from 3rd tags up, SCORES, throw by CF
|
Batting: LHB Jason Kessler
|
0-0: Called Strike 0-1: Ball 1-1: Foul Ball, location: 2F 1-2: Ball 2-2: Strikes out swinging
|
Bottom of the 4th over - 1 run, 1 hit, 0 errors, 0 left on base; New Jersey 0 - Canton 1 |
TOP OF THE 5TH |
New Jersey Devils batting - Pitching for Canton Indians : LHP Sterling Peyton
|
Batting: RHB Sergio Andrada
|
0-0: Foul Ball, location: 2F 0-1: Fly out, F7 (Flyball, 7, EV 83.1 MPH)
|
Batting: RHB Oscar Ramirez
|
0-0: Ball 1-0: DOUBLE (Line Drive, 89D, EV 108.8 MPH)
|
Batting: RHB Eric Zylstra
|
0-0: Foul Ball, location: 2F 0-1: Swinging Strike 0-2: Ball 1-2: Foul Ball, location: 2F 1-2: Ball 2-2: SINGLE (Groundball, 6MD, EV 95.0 MPH) Oscar Ramirez to third Runner from 3rd tries for Home, SAFE, throw by CF to home
|
Batting: RHB Jacob Olander
|
0-0: Ball 1-0: Ball 2-0: Ball 3-0: Called Strike 3-1: Base on Balls Eric Zylstra to second
|
Batting: RHB Warren Carmichael
|
0-0: Ball 1-0: SINGLE (Line Drive, 4MD, EV 99.4 MPH) Eric Zylstra to third Jacob Olander to second Runner from 3rd tries for Home, SAFE, throw by CF to home
|
Batting: LHB Randolph Brodbeck
|
0-0: Called Strike 0-1: Called Strike 0-2: Foul Ball, location: 2F 0-2: Ball 1-2: Ball 2-2: Strikes out swinging
|
Batting: RHB Kyle Verkamp
|
0-0: Ball 1-0: Ball 2-0: Called Strike 2-1: Called Strike 2-2: Ball 3-2: Ground out 6-3 (Groundball, 6, EV 93.8 MPH)
|
Top of the 5th over - 2 runs, 3 hits, 0 errors, 2 left on base; New Jersey 2 - Canton 1 |
BOTTOM OF THE 5TH |
Canton Indians batting - Pitching for New Jersey Devils : RHP Chris Hannah
|
Batting: RHB Jonathan Johnstad
|
0-0: Ball 1-0: Swinging Strike 1-1: Called Strike 1-2: Ball 2-2: Ball 3-2: SINGLE (Groundball, 56D, EV 105.6 MPH)
|
Batting: SHB Ryan Donohoe
|
0-0: SINGLE (Line Drive, 6MD, EV 108.1 MPH) Jonathan Johnstad to second
|
Batting: RHB Ryan Paquette
|
0-0: Ball 1-0: Called Strike 1-1: Swinging Strike 1-2: SINGLE (Line Drive, 6D, EV 98.8 MPH) Jonathan Johnstad to third Ryan Donohoe to second
|
Batting: SHB Jose Abreu
|
0-0: Called Strike 0-1: Swinging Strike 0-2: Ball 1-2: Strikes out looking
|
Batting: RHB Cruz Castro
|
0-0: Called Strike 0-1: TRIPLE (Line Drive, 9LD, EV 103.1 MPH) Jonathan Johnstad scores Ryan Donohoe scores Ryan Paquette scores
|
Batting: SHB Bob Ledlow
|
0-0: Ball 1-0: Fly out, F7 (Flyball, 7D, EV 92.5 MPH) Runner from 3rd tags up, OUT at HOME! 7-2
|
Bottom of the 5th over - 3 runs, 4 hits, 0 errors, 0 left on base; New Jersey 2 - Canton 4 |
TOP OF THE 6TH |
New Jersey Devils batting - Pitching for Canton Indians : LHP Sterling Peyton
|
Batting: LHB Rick Vallis
|
0-0: Called Strike 0-1: Foul Ball, location: 2F 0-2: Ball 1-2: Strikes out swinging
|
Batting: RHB Craig Alvarado
|
0-0: Ball 1-0: Ball 2-0: Called Strike 2-1: Foul Ball, location: 2F 2-2: Foul Ball, location: 2F 2-2: Foul Ball, location: 2F 2-2: Ground out 5-3 (Groundball, P, EV 78.8 MPH)
|
Batting: RHB Sergio Andrada
|
0-0: Called Strike 0-1: Foul Ball, location: 2F 0-2: Ball 1-2: Strikes out looking
|
Top of the 6th over - 0 runs, 0 hits, 0 errors, 0 left on base; New Jersey 2 - Canton 4 |
BOTTOM OF THE 6TH |
Canton Indians batting - Pitching for New Jersey Devils : RHP Chris Hannah
|
Batting: RHB Rob Marti
|
0-0: Called Strike 0-1: Ground out 5-3 (Groundball, 56, EV 106.2 MPH)
|
Batting: RHB Willie Toral
|
0-0: Called Strike 0-1: Ball 1-1: Fly out, F7 (Flyball, 7S, EV 88.8 MPH)
|
Batting: LHB Jason Kessler
|
0-0: Ball 1-0: Ball 2-0: Ball 3-0: Base on Balls
|
Batting: RHB Jonathan Johnstad
|
0-0: Foul Ball, location: 2F 0-1: Fly out, F3 (Popup, 3SF, EV 83.1 MPH)
|
Bottom of the 6th over - 0 runs, 0 hits, 0 errors, 1 left on base; New Jersey 2 - Canton 4 |
TOP OF THE 7TH |
New Jersey Devils batting - Pitching for Canton Indians : LHP Sterling Peyton
|
Now in LF: Aubrey Regimbald
|
|
Batting: RHB Oscar Ramirez
|
0-0: Ball 1-0: Fly out, F9 (Flyball, 9, EV 86.9 MPH)
|
Batting: RHB Eric Zylstra
|
0-0: Swinging Strike 0-1: Ball 1-1: Called Strike 1-2: Strikes out swinging
|
Batting: RHB Jacob Olander
|
0-0: Called Strike 0-1: Ball 1-1: Ball 2-1: Foul Ball, location: 2F 2-2: Strikes out swinging
|
Top of the 7th over - 0 runs, 0 hits, 0 errors, 0 left on base; New Jersey 2 - Canton 4 |
BOTTOM OF THE 7TH |
Canton Indians batting - Pitching for New Jersey Devils : RHP Chris Hannah
|
Batting: SHB Ryan Donohoe
|
0-0: Called Strike 0-1: Foul Ball, location: 2F 0-2: Foul Ball, location: 2F 0-2: Ball 1-2: Strikes out swinging
|
Batting: RHB Ryan Paquette
|
0-0: Ball 1-0: Swinging Strike 1-1: Ball 2-1: Swinging Strike 2-2: Foul Ball, location: 2F 2-2: Ball 3-2: Foul Ball, location: 2F 3-2: Strikes out swinging
|
Batting: SHB Jose Abreu
|
0-0: Called Strike 0-1: Called Strike 0-2: Ball 1-2: Ball 2-2: Ball 3-2: Foul Ball, location: 2F 3-2: Foul Ball, location: 2F 3-2: Strikes out swinging
|
Bottom of the 7th over - 0 runs, 0 hits, 0 errors, 0 left on base; New Jersey 2 - Canton 4 |
TOP OF THE 8TH |
New Jersey Devils batting - Pitching for Canton Indians : LHP Sterling Peyton
|
Pitching: RHP Julian Hernandez
|
|
Now in RF: Tom Auld
|
|
Batting: RHB Warren Carmichael
|
0-0: DOUBLE (Line Drive, 3D, EV 106.9 MPH)
|
Batting: LHB Randolph Brodbeck
|
0-0: Called Strike 0-1: Ball 1-1: Ball 2-1: Ball 3-1: Foul Ball, location: 2F 3-2: Base on Balls
|
Batting: RHB Kyle Verkamp
|
0-0: Called Strike 0-1: Fly out, F2 (Popup, 15S, EV 95.0 MPH)
|
Pitching: RHP Steve Child
|
|
Pinch Hitting: RHB Juan Medina
|
0-0: Fly out, F8 (Line Drive, 8LM, EV 90.0 MPH)
|
Pinch Hitting: RHB John Carpenter
|
0-0: Ball 1-0: Ball 2-0: DOUBLE (Flyball, 8RXD, EV 102.5 MPH) Warren Carmichael scores Randolph Brodbeck to third
|
Batting: RHB Sergio Andrada
|
0-0: Ball 1-0: Ball 2-0: Called Strike 2-1: Ball 3-1: Called Strike 3-2: Fly out, F7 (Flyball, 78S, EV 98.8 MPH)
|
Top of the 8th over - 1 run, 2 hits, 0 errors, 2 left on base; New Jersey 3 - Canton 4 |
BOTTOM OF THE 8TH |
Canton Indians batting - Pitching for New Jersey Devils : RHP Chris Hannah
|
Now at C: John Carpenter
|
|
Now at 3B: Carlos Saldivar
|
|
Batting: RHB Cruz Castro
|
0-0: Called Strike 0-1: SINGLE (Groundball, 34D, EV 108.1 MPH)
|
Pitching: LHP Adam Howell
|
|
Batting: SHB Bob Ledlow
|
0-0: Ball 1-0: Ball 2-0: Ground out 4-3 (Groundball, 4MD, EV 103.8 MPH) Cruz Castro to second
|
Batting: RHB Rob Marti
|
0-0: Intentional Walk
|
Batting: RHB Willie Toral
|
0-0: Called Strike 0-1: Ball 1-1: Grounds into double play, 6-4-3 (Groundball, 6, EV 85.0 MPH)
|
Bottom of the 8th over - 0 runs, 1 hit, 0 errors, 1 left on base; New Jersey 3 - Canton 4 |
TOP OF THE 9TH |
New Jersey Devils batting - Pitching for Canton Indians : RHP Steve Child
|
Pitching: RHP Ryan Perkins
|
|
Pinch Hitting: RHB Isaiah Heath
|
0-0: Called Strike 0-1: Swinging Strike 0-2: Ball 1-2: Strikes out swinging
|
Batting: RHB Eric Zylstra
|
0-0: Foul Ball, location: 2F 0-1: SINGLE (Flyball, 8LS, EV 95.0 MPH)
|
Batting: RHB Jacob Olander
|
0-0: Foul Ball, location: 2F 0-1: Called Strike 0-2: Strikes out swinging
|
Batting: RHB Warren Carmichael
|
0-0: Ground out 4-3 (Groundball, 34S, EV 80.6 MPH)
|
Top of the 9th over - 0 runs, 1 hit, 0 errors, 1 left on base; New Jersey 3 - Canton 4 |
|